 Dungeon Crawl Stone Soup version 0.28-a0-706-gf6f64a616a (webtiles) character file.

Game seed: 15851557694376648988

102 spiderkeys the Firebug (level 5, -3/38 HPs)
             Began as a Human Fire Elementalist on Oct 25, 2021.
             Slain by Grinder (6 damage)
             ... on level 2 of the Dungeon.
             The game lasted 00:04:50 (3132 turns).

spiderkeys the Firebug (Human Fire Elementalist)    Turns: 3132, Time: 00:04:50

Health: -3/38      AC:  3    Str:  9    XL:     5   Next: 5%
Magic:  0/9        EV: 12    Int: 15    God:
Gold:   85         SH:  0    Dex: 14    Spells: 6/9 levels left

rFire   . . .      SeeInvis .   f - +0 dagger
rCold   . . .      Faith    .   (no shield)
rNeg    . . .      Spirit   .   m - +0 leather armour {rPois}
rPois   +          Reflect  .   (no helmet)
rElec   .          Harm     .   (no cloak)
rCorr   .          Rampage  .   (no gloves)
Will    .....                   (no boots)
Stlth   ++........              (no amulet)
HPRegen 0.12/turn               (no ring)
MPRegen 0.11/turn               (no ring)

@: no status effects
A: no striking features
a: no special abilities


You were on level 2 of the Dungeon.
You visited 1 branch of the dungeon, and saw 3 of its levels.

You collected 85 gold pieces.


   Skills:
 + Level 1.9 Fighting
 + Level 2.9 Dodging
 - Level 2.0 Stealth
 + Level 2.7 Spellcasting
 - Level 2.0 Conjurations
 + Level 3.2 Fire Magic


You had 6 spell levels left.
You knew the following spells:

 Your Spells              Type           Power      Damage    Failure   Level
f - Foxfire               Conj/Fire      36%        2x1d5     10%         1
X - Scorch                Fire           22%        2d6       12%         2

Your spell library contained the following spells:

 Spells                   Type           Power      Damage    Failure   Level
 Beastly Appendage        Tmut           4%         N/A       28%         1
 Sting                    Tmut/Pois      8%         1d3       28%         1
 Conjure Flame            Conj/Fire      9%         6-21      30%         3
 Wereblood                Tmut           2%         N/A       41%         2
 Inner Flame              Hex/Fire       6%         N/A       41%         3
 Ignite Poison            Fire/Tmut/Pois 5%         N/A       50%         3
 Mephitic Cloud           Conj/Pois/Air  4%         N/A       54%         3
 Ozocubu's Armour         Ice            2%         N/A       65%         3
 Spider Form              Tmut/Pois      1%         N/A       65%         3
 Flame Wave               Conj/Fire      9%         3d4       69%         4
 Freezing Cloud           Conj/Ice/Air   2%         6-21      99%         5
 Metabolic Englaciation   Hex/Ice        1%         N/A       100%        5
 Simulacrum               Ice/Necr       1%         N/A       100%        6

Inventory:

Hand Weapons
 f - a +0 dagger (weapon)
   (You took it off a goblin on level 1 of the Dungeon)
Missiles
 b - 36 stones
 l - 35 arrows
Armour
 a - a +0 robe
 i - a +0 leather armour
   (You found it on level 1 of the Dungeon)
 m - a +0 leather armour of poison resistance (worn)
   (You found it on level 2 of the Dungeon)
 n - a scarf of invisibility
   (You found it on level 2 of the Dungeon)
Scrolls
 c - a scroll of identify {unknown}
 d - 3 scrolls of magic mapping {unknown}
 h - a scroll of enchant armour {unknown}
 o - a scroll of immolation {unknown}
 q - a scroll of noise {unknown}
Potions
 e - 2 potions of degeneration {unknown}
 g - 4 potions of flight {unknown}
 j - a potion of berserk rage {unknown}
 k - 2 potions of magic {unknown}
 p - a potion of mutation {unknown}

Dungeon Overview and Level Annotations

Branches:
Dungeon (3/15)

Altars:
Yredelemnul

Annotations:
D:2 Grinder

#.# #.#... #.####.####
#.......... ######
#..####.### #....#
#..#.....## #<##.#
#..[..#..#.
#.##.#######.....#..#.
#.##>5................
#..†.@######..##.#..#.
####vv# #......†.## ###..#
#.###....# #....# #.#
#<...#
#.#..######.####...##
#.#..................
######.#########.########.
#......#########.# #....
#.######.........#####.#..


You could see Grinder (ally target).


Message History

Casting: Scorch (safe; 12% risk of failure)
Confirm with . or Enter, or press ? or * to list all spells.
You don't have enough magic to cast this spell.
Casting: Scorch (safe; 12% risk of failure)
Confirm with . or Enter, or press ? or * to list all spells.
You don't have enough magic to cast this spell.
You hit the goblin. The goblin barely misses you.
You hit the goblin.
You kill the goblin!
You hit the hobgoblin. The hobgoblin closely misses you.
A frilled lizard comes into view.
Grinder says, "Just stop there for a second..."
There is a stone staircase leading up here.
The hobgoblin misses you.
Your magical contamination has completely faded away.
You climb upwards.
There is a stone staircase leading down here. 😕 HP[+1] MP[+1]
A hobgoblin is nearby!
You hit the hobgoblin but do no damage. The hobgoblin hits you. 😕 HP[-2]
You take 2 damage, and now have 34/38 hp.
You hit the hobgoblin. The hobgoblin barely misses you.
You hit the hobgoblin but do no damage. The hobgoblin closely misses you.
You hit the hobgoblin but do no damage. The hobgoblin misses you.
You hit the hobgoblin but do no damage. The hobgoblin misses you.
You hit the hobgoblin.
You kill the hobgoblin!
You see here a hobgoblin corpse. 😕 HP[+1]
You start resting. 😎 HP[+3] MP[+3]
Your hp is fully restored (38).
You regained 3 mp, and now have 5/9 mp.
You start resting. 😎 MP[+4]
Your mp is fully restored (9).
There is a stone staircase leading down here.
You climb downwards.
Level annotation: Grinder
There is a stone staircase leading up here.
Casting: Scorch (safe; 12% risk of failure)
Confirm with . or Enter, or press ? or * to list all spells.
Flames lash Grinder.
Grinder's fire resistance burns away. 😎 MP[-2]
You lost 2 mp, and now have 7/9 mp.
Casting: Scorch (safe; 12% risk of failure)
Confirm with . or Enter, or press ? or * to list all spells.
Flames lash the frilled lizard.
You kill the frilled lizard!
Grinder hits you! 😮 HP[-10] MP[-2]
You take 10 damage, and now have 28/38 hp.
MASSIVE DAMAGE!! (PAUSE)
You lost 2 mp, and now have 5/9 mp.
Casting: Scorch (safe; 12% risk of failure)
Confirm with . or Enter, or press ? or * to list all spells.
Flames lash Grinder.
Grinder is burned terribly!
Grinder gestures at you.
Pain shoots through your body! 😮 HP[-3] MP[-2]
You take 3 damage, and now have 25/38 hp.
You lost 2 mp, and now have 3/9 mp.
Casting: Scorch (safe; 12% risk of failure)
Confirm with . or Enter, or press ? or * to list all spells.
Flames lash Grinder.
Grinder is burned terribly!
Grinder hits you.
You writhe in agony.
* * * LOW HITPOINT WARNING * * *
😨 HP[-7] MP[-2]
You take 7 damage, and now have 18/38 hp.
You lost 2 mp, and now have 1/9 mp.
Casting: Scorch (safe; 12% risk of failure)
Confirm with . or Enter, or press ? or * to list all spells.
You don't have enough magic to cast this spell.
Grinder is no longer more vulnerable to fire.
Grinder misses you.
You climb upwards.
There is a stone staircase leading down here. 😨 HP[+1]
Casting: Scorch (safe; 12% risk of failure)
Confirm with . or Enter, or press ? or * to list all spells.
You conjure some foxfire!
Grinder barely misses you. 😨 MP[-1]
You lost 1 mp, and now have 0/9 mp.
The foxfire hits Grinder but does no damage.
The foxfire hits Grinder.
You hit Grinder but do no damage. Grinder misses you. 😨 MP[+1]
You closely miss Grinder. Grinder hits you.
* * * LOW HITPOINT WARNING * * *
You writhe in agony.
* * * LOW HITPOINT WARNING * * *
😱 HP[-10]
You take 10 damage, and now have 9/38 hp.
MASSIVE DAMAGE!! (PAUSE)
Casting: Foxfire (safe; 10% risk of failure)
Confirm with . or Enter, or press ? or * to list all spells.
You conjure some foxfire!
Grinder hits you.
* * * LOW HITPOINT WARNING * * *
You writhe in agony.
You die...

Skill      XL: |  1  2  3  4 |
---------------+-------------+-----
Fighting       | 1 |  1.9
Conjurations   | 2 |  2.0
Dodging        | |  2.9
Stealth        | |  2.0
Spellcasting   | |  2.7
Fire Magic     | |  3.2

Action                   |  1- 3 |  4- 6 || total
-------------------------+-------+-------++-------
Melee: Dagger            |    82 |    66 ||   148
       Unarmed           |     1 |       ||     1
 Cast: Foxfire           |    30 |    30 ||    60
       Scorch            |       |    13 ||    13
 Stab: Sleeping          |     2 |       ||     2
Armor: Leather armour    |    16 |    16 ||    32
       Robe              |     2 |       ||     2
Dodge: Dodged            |    56 |    71 ||   127

Levels and vault maps discovered:
D:1:      matt_arrival_los_fun, layout_loops_ring,
          shapermc_ecumenical_altar_rom_forum, minmay_small_reverse_x
D:2:      layout_basic, basic_altar, serial_bayou_pond_b
D:3:      layout_basic, serial_shops, shop, chequers_serial_rivers_micro_b,
          st_stairs_1, uniq_grinder

Notes
Turn   | Place    | Note
-------+----------+-------------------------------------------
     0 | D:1      | spiderkeys the Human Fire Elementalist began the quest for
                  | the Orb.
     0 | D:1      | Reached XP level 1. HP: 13/13 MP: 3/3
     0 | D:1      | magus.rc [v1.9.10]
   185 | D:1      | Reached XP level 2. HP: 20/20 MP: 0/5
   200 | D:1      | HP: 4/20 [frilled lizard (3)]
   574 | D:1      | HP: 5/20 [jackal (3)]
   582 | D:1      | HP: 3/20 [jackal (3)]
   912 | D:1      | Reached XP level 3. HP: 21/25 MP: 4/6
   981 | D:1      | Reached skill level 1 in Fighting
  1183 | D:1      | Found a faded altar of an unknown god.
  1191 | D:1      | Got Plato's Disquisition on Envenoming
  1888 | D:2      | Reached XP level 4. HP: 27/32 MP: 4/7
  2165 | D:2      | You add the spells Ignite Poison, Mephitic Cloud and
                  | Freezing Cloud to your library.
  2180 | D:2      | Learned a level 2 spell: Scorch
  2193 | D:2      | Found a basalt altar of Yredelemnul.
  2201 | D:2      | Reached skill level 2 in Conjurations
  2350 | D:2      | You pick up a book of Changes and begin reading...
  2350 | D:2      | You add the spells Beastly Appendage, Wereblood and Spider
                  | Form to your library.
  2497 | D:2      | You pick up a book of Winter and begin reading...
  2497 | D:2      | You add the spells Ozocubu's Armour, Metabolic Englaciation
                  | and Simulacrum to your library.
  2547 | D:2      | HP: 6/33 [jackal (3)]
  3039 | D:3      | Noticed Grinder
  3044 | D:3      | Reached XP level 5. HP: 38/38 MP: 6/9
  3131 | D:2      | HP: 9/38 [Grinder (6)]
  3132 | D:2      | HP: 3/38 [Grinder (6)]
  3132 | D:2      | Slain by Grinder

Vanquished Creatures
  4 adders (D:2)
  2 worms (D:2)
  A dart slug (D:1)
  4 ball pythons
  5 endoplasms (D:1)
  2 giant cockroaches (D:1)
  6 goblins
  6 hobgoblins
  8 jackals
  4 kobolds (D:2)
  2 quokkas (D:1)
  2 bats (D:2)
  4 frilled lizards
  6 rats
56 creatures vanquished.

Vanquished Creatures (others)
  97 foxfires
  A plant (D:2)
98 creatures vanquished.

Grand Total: 154 creatures vanquished

Table legend:
 A = Non-vault XP
 B = Vault XP
 C = Vault XP percentage of total XP
 D = Non-vault monster count
 E = Vault monster count
 F = Vault count percentage of total count
                 A         B        C        D         E       F
            +---------+---------+-------+---------+---------+-------
      Total |     113 |      33 |  22.6 |      44 |      12 |  21.4
            +---------+---------+-------+---------+---------+-------
        D:1 |      37 |       8 |  17.8 |      19 |       4 |  17.4
        D:2 |      75 |      20 |  21.1 |      24 |       5 |  17.2
        D:3 |       1 |       5 |  83.3 |       1 |       3 |  75.0
            +---------+---------+-------+---------+---------+-------

Illustrated notes

Table legend:
 A = Kills in this place as a percentage of kills in entire the game.
 B = Kills by you in this place as a percentage of kills by you in the entire game.
 C = Kills by friends in this place as a percentage of kills by friends in the entire game.
 D = Other kills in this place as a percentage of other kills in the entire game.
 E = Experience gained in this place as a percentage of experience gained in the entire game.
 F = Experience gained in this place divided by the number of levels of this place that you have seen.
                   A       B       C       D       E      F
               +-------+-------+-------+-------+-------+----------------------
         Total | 100.0 | 100.0 |   N/A |   N/A | 100.0 |  48.7
       Dungeon | 100.0 | 100.0 |   N/A |   N/A | 100.0 |  48.7
               +-------+-------+-------+-------+-------+----------------------

Table legend: (Time is in decaauts)
 A = Elapsed time spent in this place.
 B = Non-inter-level travel time spent in this place.
 C = Inter-level travel time spent in this place.
 D = Time resting spent in this place.
 E = Time spent auto-exploring this place.
 F = Levels seen in this place.
 G = Mean time per level.
                   A        B        C        D        E       F      G
               +--------+--------+--------+--------+--------+-----+--------+
         Total |   3134 |   3111 |     23 |     56 |   2561 |   3 | 1044.7 |
       Dungeon |   3134 |   3111 |     23 |     56 |   2561 |   3 | 1044.7 |
               +--------+--------+--------+--------+--------+-----+--------+

Top non-repeatable levels by time:
     D:1: 1740 daAuts
     D:2: 1364 daAuts
     D:3: 29 daAuts
